 Dungeon Crawl Stone Soup version 0.29.1-12-g30fa7ad0bf (webtiles) character file.

Game seed: 6880584121351143920

1184 warriortoast the Ducker (level 8, -5/42 HPs)
             Began as a Spriggan Hunter on Dec 14, 2022.
             Was an Initiate of Qazlal.
             Succumbed to an orc's poison
             ... on level 4 of the Dungeon.
             The game lasted 00:10:19 (6529 turns).

warriortoast the Ducker (Spriggan Hunter)           Turns: 6529, Time: 00:10:20

Health: -5/42      AC:  2    Str:  7    XL:     8   Next: 19%
Magic:  5/9        EV: 23    Int: 10    God:    Qazlal [......]
Gold:   365        SH:  0    Dex: 21    Spells: 7/7 levels left

rFire   . . .      SeeInvis +   a - +0 shortbow
rCold   . . .      Faith    .   (shield currently unavailable)
rNeg    . . .      Spirit   +   c - +0 robe
rPois   .          Reflect  .   (helmet restricted)
rElec   .          Harm     .   (no cloak)
rCorr   .          Rampage  .   (gloves unavailable)
Will    +....                   (boots unavailable)
Stlth   +++.......              o - amulet of guardian spirit
HPRegen 0.14/turn               (no ring)
MPRegen 0.11/turn               (no ring)

@: lethally poisoned (-5 -> -34), studying Fire Magic, very quick
A: very small, no large weapons, unfitting armour, see invisible, speed 3
a: Renounce Religion


You were on level 4 of the Dungeon.
You worshipped Qazlal.
Qazlal was noncommittal.
You visited 1 branch of the dungeon, and saw 5 of its levels.

You collected 365 gold pieces.

Inventory:

Hand Weapons
 a - a +0 shortbow (weapon)
Armour
 c - a +0 robe (worn)
Jewellery
 i - a ring of wizardry
 o - an amulet of guardian spirit (around neck)
Scrolls
 b - a scroll of immolation
 d - 2 scrolls of enchant armour {unknown}
 f - 3 scrolls of vulnerability {unknown}
 h - 2 scrolls of amnesia {unknown}
 l - 3 scrolls of identify {unknown}
 m - 3 scrolls of teleportation {unknown}
 u - a scroll of enchant weapon {unknown}
 w - a scroll of noise {unknown}
Potions
 e - 3 potions of might
 g - 2 potions of attraction {unknown}
 j - a potion of berserk rage {unknown}
 k - 4 potions of flight {unknown}
 n - a potion of ambrosia {unknown}
 p - a potion of lignification {unknown}
 q - 3 potions of curing {unknown}
 r - a potion of magic {unknown}
 s - a potion of heal wounds {unknown}
 t - a potion of haste {unknown}
 v - a potion of degeneration {unknown}


   Skills:
 + Level 4.6 Fighting
 + Level 6.7 Ranged Weapons
 + Level 7.4 Dodging
 - Level 5.0 Stealth


You had 7 spell levels left.
You didn't know any spells.
Your spell library contained the following spells:

 Spells                   Type           Power      Damage    Failure   Level
 Freezing Cloud           Conj/Ice/Air   0%         6-21      100%        5
 Simulacrum               Ice/Necr       0%         N/A       100%        6
 Polar Vortex             Ice            0%         N/A       100%        9


Dungeon Overview and Level Annotations

Branches:
Dungeon (5/15)
 Temple: D:4-7

Altars:
Dithmenos
Gozag
Hepliaklqana
Makhleb
Okawaru
Qazlal
Sif Muna
Yredelemnul
Zin


Innate Abilities, Weirdness & Mutations

You are very small and have problems with some larger weapons.
You are too small for most types of armour.
You have supernaturally acute eyesight. (SInv)
You cover ground extremely quickly. (Speed+++)


Message History

You shoot an arrow.
The arrow hits the orc but does no damage.
You shoot an arrow. The arrow hits the orc.
The orc is moderately wounded.
You shoot an arrow. The arrow completely misses the orc.
You shoot an arrow.
The arrow hits the orc but does no damage.
The orc is moderately wounded.
You shoot an arrow. The arrow hits the orc.
The orc is severely wounded.
The orc completely misses you. The orc misses you.
You shoot an arrow. The arrow barely misses the orc.
The orc misses you.
You shoot an arrow. The arrow barely misses the orc.
The orc hits you with a +1 short sword of venom.
You are poisoned.
You shoot an arrow.
The arrow hits the orc but does no damage.
The orc is heavily wounded.
You feel very sick. The orc closely misses you.
You shoot an arrow. The arrow barely misses the orc.
You feel sick.
The orc hits you with a +1 short sword of venom.
You are more poisoned.
You shoot an arrow. The arrow barely misses the orc.
You feel very sick.
The orc hits you with a +1 short sword of venom.
You shoot an arrow.
The arrow hits the orc but does no damage.
The orc is heavily wounded.
You feel very sick.
The orc hits you with a +1 short sword of venom.
You are lethally poisoned!
The orc hits you with a +1 short sword of venom.
* * * LOW HITPOINT WARNING * * *
You are more poisoned.
* * * LOW HITPOINT WARNING * * *
You feel extremely sick. The orc misses you.
You climb upwards.
You die...

#.# #....@.....# #.#
#..#######.# ######.######
#..##....#.#### #...........#
#........#..... #...........#
##.##.##.......
#...........##### #.##.##.......
#..........##...###.##.##....###
#.........##.....##.##.##....###
#.........'...o@..#....)........
###.......'..>..[.#..###########
#.......'....>..#..########
#.......##.....##.........#
#........##...##..........#
#..)......#####...........#
#........## #...........#
#........# #...........#
#........# #...........#


You could see an orc.

Vanquished Creatures
  Menkaure (D:4)
  Edmund (D:4)
  An acid dragon (D:4)
  2 ogres
  A centaur (D:5)
  A necrophage (D:4)
  A jelly (D:4)
  3 hounds (D:5)
  An orc priest (D:3)
  2 iguanas
  2 orc wizards (D:5)
  Robin (D:3)
  3 gnolls (D:2)
  8 adders
  A shadow imp (D:5)
  3 worms (D:3)
  3 dart slugs (D:3)
  9 orcs
  10 ball pythons
  5 bats
  6 endoplasms
  3 giant cockroaches
  22 goblins
  17 hobgoblins
  6 jackals
  7 quokkas
  A frilled lizard (D:2)
  7 kobolds
  7 rats
135 creatures vanquished.

Notes
Turn   | Place    | Note
-------+----------+-------------------------------------------
     0 | D:1      | warriortoast the Spriggan Hunter began the quest for the
                  | Orb.
     0 | D:1      | Reached XP level 1. HP: 10/10 MP: 2/2
   203 | D:1      | Reached skill level 3 in Dodging
   215 | D:1      | Reached XP level 2. HP: 15/15 MP: 3/3
   386 | D:1      | Reached XP level 3. HP: 13/18 MP: 4/4
  1387 | D:2      | Reached XP level 4. HP: 23/23 MP: 5/5
  1517 | D:2      | Reached skill level 4 in Dodging
  2307 | D:3      | Reached XP level 5. HP: 27/27 MP: 6/6
  2581 | D:3      | Found a stormy altar of Qazlal.
  2606 | D:3      | Found a shimmering blue altar of Sif Muna.
  2755 | D:3      | Found an opulent altar of Gozag.
  2923 | D:3      | Reached skill level 5 in Ranged Weapons
  2997 | D:3      | Found a faded altar of an unknown god.
  3070 | D:3      | Found a basalt altar of Yredelemnul.
  3155 | D:4      | Noticed Robin
  3155 | D:4      | Found an iron altar of Okawaru.
  3514 | D:3      | Reached XP level 6. HP: 32/32 MP: 7/7
  3519 | D:3      | Killed Robin
  3693 | D:4      | Reached skill level 5 in Stealth
  3789 | D:4      | Reached skill level 5 in Dodging
  4086 | D:4      | Found a shadowy altar of Dithmenos.
  4316 | D:4      | Noticed Menkaure
  4450 | D:4      | Found a burning altar of Makhleb.
  4566 | D:3      | Found a hazy altar of Hepliaklqana.
  4566 | D:3      | Found a glowing silver altar of Zin.
  4601 | D:3      | Became a worshipper of Qazlal Stormbringer
  4706 | D:4      | Killed Menkaure
  4707 | D:4      | Reached XP level 7. HP: 24/37 MP: 4/8
  4827 | D:5      | Entered Level 5 of the Dungeon
  4827 | D:5      | Noticed Edmund
  4831 | D:5      | Reached skill level 6 in Dodging
  5410 | D:4      | Killed Edmund
  5637 | D:5      | Reached skill level 7 in Dodging
  5637 | D:5      | Reached XP level 8. HP: 29/42 MP: 5/9
  6529 | D:4      | Succumbed to an orc's poison

Illustrated notes

Levels and vault maps discovered:
D:1:      dpeg_arrival_morbid_curiosity, layout_rooms
D:2:      layout_rooms
D:3:      minmay_general_purpose_star, layout_rooms,
          nicolae_overflow_hidden_temple, mainiacjoe_overflow_chevrons,
          shapermc_ecumenical_altar_hornbeckon, minmay_mini_jars
D:4:      layout_basic, mainiacjoe_overflow_catwalk, mainiacjoe_overflow_swirl,
          kennysheep_windowed_goal, uniq_robin, uniq_menkaure
D:5:      layout_layer_cave, minmay_manual_mail, uniq_edmund

Skill      XL: |  1  2  3  4  5  6  7 |
---------------+----------------------+-----
Stealth        | 2 3 4 5 |  5.0
Dodging        | 3 4 5 7 |  7.4
Fighting       | 2 3 4 |  4.6
Ranged Weapons | 5 6 |  6.7

Action                   |  1- 3 |  4- 6 |  7- 9 || total
-------------------------+-------+-------+-------++-------
 Fire: Shortbow          |    89 |   226 |   125 ||   440
Armor: Robe              |     1 |     9 |     1 ||    11
Dodge: Dodged            |    32 |   105 |    53 ||   190
